| TOP OF THE 1ST |
|
Windy City ThunderBolts batting - Pitching for Hamilton Cardinals : RHP Keith Anter
|
|
Pitching: RHP Keith Anter
|
|
|
Batting: LHB Adam Tarbutton
|
0-0: Ball 1-0: Ball 2-0: Called Strike 2-1: Foul Ball, location: 2F 2-2: Foul Ball, location: 2F 2-2: Foul Ball, location: 2F 2-2: Ground out 4-3 (Groundball, 4, EV 105.0 MPH)
|
|
Batting: LHB Matt Hyde
|
0-0: Ball 1-0: Ball 2-0: Ball 3-0: Called Strike 3-1: Foul Ball, location: 2F 3-2: Foul Ball, location: 2F 3-2: Base on Balls
|
|
Batting: LHB Larry Myers
|
0-0: Called Strike 0-1: Ball 1-1: Foul Ball, location: 2F 1-2: Ball 2-2: Grounds into double play, 6-4-3 (Groundball, 6M, EV 89.4 MPH)
|
| Top of the 1st over - 0 runs, 0 hits, 0 errors, 0 left on base; Windy City 0 - Hamilton 0 |
| BOTTOM OF THE 1ST |
|
Hamilton Cardinals batting - Pitching for Windy City ThunderBolts : RHP Ruben Castro
|
|
Pitching: RHP Ruben Castro
|
|
|
Batting: RHB Fortunato Fteira
|
0-0: Swinging Strike 0-1: Foul Ball, location: 2F 0-2: Ball 1-2: SINGLE (Line Drive, 9S, EV 94.4 MPH)
|
|
Batting: RHB Richard Riggs
|
0-0: Called Strike 0-1: Ball Fortunato Fteira is caught stealing 2nd base 2-4 1-1: Ball 2-1: SINGLE (Groundball, 3S, EV 69.4 MPH) (infield hit)
|
|
Batting: RHB Joe Alley
|
0-0: Called Strike 0-1: Ball 1-1: Ball 2-1: DOUBLE (Line Drive, 8LXD, EV 102.5 MPH) Richard Riggs to third Runner from 3rd tries for Home, SAFE, throw by CF to trailing runner, SAFE at third!
|
|
Batting: LHB Travis Ruppel
|
0-0: Swinging Strike 0-1: Called Strike 0-2: Ball 1-2: Strikes out swinging
|
|
Batting: RHB Tyler Walker
|
0-0: Ball 1-0: Called Strike 1-1: Ball 2-1: Fly out, F8 (Flyball, 8RS, EV 83.1 MPH)
|
| Bottom of the 1st over - 1 run, 3 hits, 0 errors, 1 left on base; Windy City 0 - Hamilton 1 |
| TOP OF THE 2ND |
|
Windy City ThunderBolts batting - Pitching for Hamilton Cardinals : RHP Keith Anter
|
|
Batting: LHB Justin Stickney
|
0-0: Ball 1-0: Called Strike 1-1: Foul Ball, location: 2F 1-2: Foul Ball, location: 2F 1-2: Ball 2-2: Foul Ball, location: 2F 2-2: Strikes out looking
|
|
Batting: RHB Mike Rosa
|
0-0: Called Strike 0-1: Ball 1-1: Foul Ball, location: 2F 1-2: Ball 2-2: Strikes out looking
|
|
Batting: LHB Eddie Reyes
|
0-0: Ground out 6-3 (Groundball, 6, EV 83.1 MPH)
|
| Top of the 2nd over - 0 runs, 0 hits, 0 errors, 0 left on base; Windy City 0 - Hamilton 1 |
| BOTTOM OF THE 2ND |
|
Hamilton Cardinals batting - Pitching for Windy City ThunderBolts : RHP Ruben Castro
|
|
Batting: RHB Kyle Burns
|
0-0: Called Strike 0-1: Foul Ball, location: 2F 0-2: Strikes out swinging
|
|
Batting: RHB Fekadu Alhaadi
|
0-0: Called Strike 0-1: Foul Ball, location: 2F 0-2: Foul Ball, location: 2F 0-2: Ball 1-2: Strikes out swinging
|
|
Batting: RHB Tim Williams
|
0-0: Ball 1-0: Ball 2-0: Foul Ball, location: 2F 2-1: Ball 3-1: Base on Balls
|
|
Batting: RHB Edgar Klockow
|
0-0: Ball 1-0: Foul Ball, location: 2F 1-1: Foul Ball, location: 2F 1-2: Ball 2-2: Strikes out swinging
|
| Bottom of the 2nd over - 0 runs, 0 hits, 0 errors, 1 left on base; Windy City 0 - Hamilton 1 |
| TOP OF THE 3RD |
|
Windy City ThunderBolts batting - Pitching for Hamilton Cardinals : RHP Keith Anter
|
|
Batting: RHB Vladmiri Nugaibekov
|
0-0: Ball 1-0: TRIPLE (Flyball, 8LXD, EV 94.4 MPH)
|
|
Batting: RHB Mario Gomez
|
0-0: Foul Ball, location: 2F 0-1: Fly out, F9 (Flyball, 9S, EV 78.1 MPH)
|
|
Batting: SHB Alfie Bungledorf
|
0-0: Foul Ball, location: 2F 0-1: Ball 1-1: Foul Ball, location: 2F 1-2: Ball 2-2: Strikes out looking
|
|
Batting: LHB Adam Tarbutton
|
0-0: Called Strike 0-1: Ground out 3-1 (Groundball, 34, EV 85.6 MPH)
|
| Top of the 3rd over - 0 runs, 1 hit, 0 errors, 1 left on base; Windy City 0 - Hamilton 1 |
| BOTTOM OF THE 3RD |
|
Hamilton Cardinals batting - Pitching for Windy City ThunderBolts : RHP Ruben Castro
|
|
Batting: RHB Fortunato Fteira
|
0-0: Foul Ball, location: 2F 0-1: Ground out 6-3 (Groundball, 6, EV 88.1 MPH)
|
|
Batting: RHB Richard Riggs
|
0-0: Ball 1-0: Ball 2-0: Swinging Strike 2-1: Ball 3-1: Foul Ball, location: 2F 3-2: Base on Balls
|
|
Batting: RHB Joe Alley
|
0-0: Ball 1-0: Called Strike 1-1: Foul Ball, location: 2F 1-2: Strikes out swinging
|
|
Batting: LHB Travis Ruppel
|
0-0: Swinging Strike 0-1: SINGLE (Groundball, 56, EV 108.8 MPH) Richard Riggs to second
|
|
Batting: RHB Tyler Walker
|
0-0: Ball 1-0: Fielders Choice at 2nd, 6-4 (Groundball, 6, EV 84.4 MPH)
|
| Bottom of the 3rd over - 0 runs, 1 hit, 0 errors, 2 left on base; Windy City 0 - Hamilton 1 |
| TOP OF THE 4TH |
|
Windy City ThunderBolts batting - Pitching for Hamilton Cardinals : RHP Keith Anter
|
|
Batting: LHB Matt Hyde
|
0-0: Called Strike 0-1: Fly out, F9 (Flyball, 9, EV 91.3 MPH)
|
|
Batting: LHB Larry Myers
|
0-0: Ball 1-0: Ball 2-0: Ball 3-0: Base on Balls
|
|
Batting: LHB Justin Stickney
|
0-0: Foul Ball, location: 2F 0-1: Called Strike 0-2: Foul Ball, location: 2F 0-2: Foul Ball, location: 2F 0-2: Strikes out swinging
|
|
Batting: RHB Mike Rosa
|
0-0: Ball 1-0: Ball 2-0: Ball 3-0: Base on Balls Larry Myers to second
|
|
Batting: LHB Eddie Reyes
|
0-0: Ground out 3-1 (Groundball, 34, EV 103.1 MPH)
|
| Top of the 4th over - 0 runs, 0 hits, 0 errors, 2 left on base; Windy City 0 - Hamilton 1 |
| BOTTOM OF THE 4TH |
|
Hamilton Cardinals batting - Pitching for Windy City ThunderBolts : RHP Ruben Castro
|
|
Batting: RHB Kyle Burns
|
0-0: Called Strike 0-1: Ball 1-1: Ball 2-1: Foul Ball, location: 2F 2-2: Ball 3-2: Base on Balls
|
|
Batting: RHB Fekadu Alhaadi
|
0-0: Ball 1-0: Foul Ball, location: 2F 1-1: Ball Wild Pitch! Kyle Burns to second 2-1: Ball 3-1: SINGLE (Groundball, 6M, EV 90.6 MPH) (infield hit) Kyle Burns to third
|
|
Batting: RHB Tim Williams
|
0-0: Ball 1-0: Foul Ball, location: 2F 1-1: Ball 2-1: Foul Ball, location: 2F 2-2: DOUBLE (Flyball, 89D, EV 109.4 MPH) Kyle Burns scores Fekadu Alhaadi to third
|
|
Batting: RHB Edgar Klockow
|
0-0: Ball 1-0: SINGLE (Groundball, P, EV 85.6 MPH) (infield hit) Fekadu Alhaadi scores Tim Williams to third
|
|
Batting: RHB Fortunato Fteira
|
0-0: Foul Ball, location: 2F 0-1: Ball 1-1: Foul Ball, location: 2F 1-2: Ball 2-2: Foul Ball, location: 2F 2-2: Foul Ball, location: 2F 2-2: Ball 3-2: DOUBLE (Line Drive, 7LM, EV 111.9 MPH) Tim Williams scores Edgar Klockow to third
|
|
Batting: RHB Richard Riggs
|
0-0: Ball 1-0: Called Strike 1-1: Swinging Strike 1-2: Foul Ball, location: 2F 1-2: Strikes out looking
|
|
Batting: RHB Joe Alley
|
0-0: Foul Ball, location: 2F 0-1: 3-RUN HOME RUN (Flyball, 7LD, EV 90.6 MPH), Distance : 344 ft
|
|
Pitching: LHP Ray Sowers
|
|
|
Batting: LHB Travis Ruppel
|
0-0: Ball 1-0: Called Strike 1-1: Fly out, F8 (Flyball, 78M, EV 85.6 MPH)
|
|
Batting: RHB Tyler Walker
|
0-0: Swinging Strike 0-1: Foul Ball, location: 2F 0-2: Ball 1-2: Fly out, F4 (Line Drive, 4, EV 69.4 MPH)
|
| Bottom of the 4th over - 6 runs, 5 hits, 0 errors, 0 left on base; Windy City 0 - Hamilton 7 |
| TOP OF THE 5TH |
|
Windy City ThunderBolts batting - Pitching for Hamilton Cardinals : RHP Keith Anter
|
|
Batting: RHB Vladmiri Nugaibekov
|
0-0: Called Strike 0-1: Foul Ball, location: 2F 0-2: Strikes out swinging
|
|
Batting: RHB Mario Gomez
|
0-0: Ball 1-0: Swinging Strike 1-1: Called Strike 1-2: Ball 2-2: Strikes out swinging
|
|
Batting: SHB Alfie Bungledorf
|
0-0: Ball 1-0: SINGLE (Line Drive, 78S, EV 106.3 MPH)
|
|
Batting: LHB Adam Tarbutton
|
0-0: Called Strike Alfie Bungledorf steals 2nd base (no throw) 0-1: Foul Ball, location: 2F 0-2: Strikes out swinging
|
| Top of the 5th over - 0 runs, 1 hit, 0 errors, 1 left on base; Windy City 0 - Hamilton 7 |
| BOTTOM OF THE 5TH |
|
Hamilton Cardinals batting - Pitching for Windy City ThunderBolts : LHP Ray Sowers
|
|
Batting: RHB Kyle Burns
|
0-0: Called Strike 0-1: Swinging Strike 0-2: Ball 1-2: Strikes out swinging, 2-3 out at first.
|
|
Batting: RHB Fekadu Alhaadi
|
0-0: Fly out, F3 (Flyball, 3D, EV 95.0 MPH)
|
|
Batting: RHB Tim Williams
|
0-0: Fly out, F9 (Flyball, 89D, EV 103.8 MPH)
|
| Bottom of the 5th over - 0 runs, 0 hits, 0 errors, 0 left on base; Windy City 0 - Hamilton 7 |
| TOP OF THE 6TH |
|
Windy City ThunderBolts batting - Pitching for Hamilton Cardinals : RHP Keith Anter
|
|
Batting: LHB Matt Hyde
|
0-0: Called Strike 0-1: Foul Ball, location: 2F 0-2: Strikes out swinging
|
|
Batting: LHB Larry Myers
|
0-0: Ball 1-0: Called Strike 1-1: Fly out, F8 (Flyball, 8LD, EV 99.4 MPH)
|
|
Batting: LHB Justin Stickney
|
0-0: Fly out, F8 (Line Drive, 8LM, EV 107.5 MPH)
|
| Top of the 6th over - 0 runs, 0 hits, 0 errors, 0 left on base; Windy City 0 - Hamilton 7 |
| BOTTOM OF THE 6TH |
|
Hamilton Cardinals batting - Pitching for Windy City ThunderBolts : LHP Ray Sowers
|
|
Batting: RHB Edgar Klockow
|
0-0: Called Strike 0-1: Ball 1-1: Ball 2-1: SINGLE (Flyball, 5D, EV 94.4 MPH)
|
|
Batting: RHB Fortunato Fteira
|
0-0: Ball 1-0: Called Strike 1-1: DOUBLE (Flyball, 89D, EV 107.5 MPH) Edgar Klockow to third
|
|
Batting: RHB Richard Riggs
|
0-0: Called Strike 0-1: Fly out, F2 (Popup, 23F, EV 88.1 MPH)
|
|
Batting: RHB Joe Alley
|
0-0: Ball 1-0: Fly out, F3 (Popup, 3F, EV 60.6 MPH)
|
|
Batting: LHB Travis Ruppel
|
0-0: Ball 1-0: Ball 2-0: Called Strike 2-1: Swinging Strike 2-2: Strikes out swinging
|
| Bottom of the 6th over - 0 runs, 2 hits, 0 errors, 2 left on base; Windy City 0 - Hamilton 7 |
| TOP OF THE 7TH |
|
Windy City ThunderBolts batting - Pitching for Hamilton Cardinals : RHP Keith Anter
|
|
Batting: RHB Mike Rosa
|
0-0: Called Strike 0-1: Swinging Strike 0-2: Ball 1-2: Ground out 6-3 (Groundball, 6, EV 86.9 MPH)
|
|
Pitching: RHP Mike Hickey
|
|
|
Batting: LHB Eddie Reyes
|
0-0: Foul Ball, location: 2F 0-1: Foul Ball, location: 2F 0-2: Strikes out swinging
|
|
Batting: RHB Vladmiri Nugaibekov
|
0-0: Foul Ball, location: 2F 0-1: Foul Ball, location: 2F 0-2: Strikes out swinging
|
| Top of the 7th over - 0 runs, 0 hits, 0 errors, 0 left on base; Windy City 0 - Hamilton 7 |
| BOTTOM OF THE 7TH |
|
Hamilton Cardinals batting - Pitching for Windy City ThunderBolts : LHP Ray Sowers
|
|
Pinch Hitting: RHB Bobby Miles
|
0-0: Foul Ball, location: 2F 0-1: Foul Ball, location: 2F 0-2: Ball 1-2: Strikes out swinging
|
|
Batting: RHB Kyle Burns
|
0-0: Called Strike 0-1: Ground out 4-3 (Groundball, 4S, EV 88.1 MPH)
|
|
Batting: RHB Fekadu Alhaadi
|
0-0: Reached on error, E4 (Groundball, 4, EV 98.8 MPH)
|
|
Batting: RHB Tim Williams
|
0-0: Ball 1-0: Reached on error, E6 (Groundball, 6, EV 100.0 MPH) Fekadu Alhaadi to third
|
|
Batting: RHB Edgar Klockow
|
0-0: Called Strike 0-1: Foul Ball, location: 2F 0-2: Strikes out looking
|
| Bottom of the 7th over - 0 runs, 0 hits, 2 errors, 2 left on base; Windy City 0 - Hamilton 7 |
| TOP OF THE 8TH |
|
Windy City ThunderBolts batting - Pitching for Hamilton Cardinals : RHP Mike Hickey
|
|
Now at 2B: Bobby Miles
|
|
|
Pinch Hitting: LHB Herkko Haavikko
|
0-0: Called Strike 0-1: Foul Ball, location: 2F 0-2: Ball 1-2: Strikes out swinging
|
|
Batting: SHB Alfie Bungledorf
|
0-0: SINGLE (Flyball, 56D, EV 93.1 MPH)
|
|
Batting: LHB Adam Tarbutton
|
0-0: Called Strike 0-1: Foul Ball, location: 2F 0-2: Ball 1-2: Ball 2-2: Foul Ball, location: 2F 2-2: Ball 3-2: SINGLE (Groundball, 6S, EV 61.3 MPH) (infield hit) Alfie Bungledorf to second
|
|
Batting: LHB Matt Hyde
|
0-0: Fly out, F8 (Line Drive, 8LD, EV 99.4 MPH)
|
|
Pitching: LHP Gonnohyoe Hata
|
|
|
Pinch Hitting: RHB Adan Lake
|
0-0: Swinging Strike 0-1: 3-RUN HOME RUN (Flyball, 78XD, EV 108.1 MPH), Distance : 410 ft
|
|
Batting: LHB Justin Stickney
|
0-0: Ball 1-0: Foul Ball, location: 2F 1-1: Swinging Strike 1-2: Ball 2-2: Ground out 4-3 (Groundball, 34D, EV 103.8 MPH)
|
| Top of the 8th over - 3 runs, 3 hits, 0 errors, 0 left on base; Windy City 3 - Hamilton 7 |
| BOTTOM OF THE 8TH |
|
Hamilton Cardinals batting - Pitching for Windy City ThunderBolts : LHP Ray Sowers
|
|
Pitching: RHP Alec Guglielmo
|
|
|
Now at 2B: David Rhodes
|
|
|
Now in RF: Herkko Haavikko
|
|
|
Batting: RHB Fortunato Fteira
|
0-0: Foul Ball, location: 2F 0-1: Ball 1-1: Foul Ball, location: 2F 1-2: Foul Ball, location: 2F 1-2: Ball 2-2: Ground out U3 (Groundball, 3, EV 84.4 MPH)
|
|
Batting: RHB Richard Riggs
|
0-0: SINGLE (Line Drive, 56D, EV 104.4 MPH)
|
|
Batting: RHB Joe Alley
|
0-0: Ball 1-0: Ball 2-0: Ball 3-0: Called Strike 3-1: Grounds into double play, 5-4-3 (Groundball, 56, EV 100.6 MPH)
|
| Bottom of the 8th over - 0 runs, 1 hit, 0 errors, 0 left on base; Windy City 3 - Hamilton 7 |
| TOP OF THE 9TH |
|
Windy City ThunderBolts batting - Pitching for Hamilton Cardinals : LHP Gonnohyoe Hata
|
|
Pitching: RHP Pabiyan Vetlitsky
|
|
|
Batting: RHB Mike Rosa
|
0-0: Ball 1-0: Ball 2-0: Ball 3-0: Called Strike 3-1: Swinging Strike 3-2: Base on Balls
|
|
Batting: LHB Eddie Reyes
|
0-0: Called Strike 0-1: Swinging Strike 0-2: Ball 1-2: Ball 2-2: Strikes out swinging
|
|
Pinch Hitting: SHB Ethan Villalobos
|
0-0: Ball 1-0: Ball 2-0: Called Strike 2-1: Foul Ball, location: 2F 2-2: Ball 3-2: SINGLE (Flyball, 6MD, EV 90.6 MPH) Mike Rosa to second
|
|
Batting: LHB Herkko Haavikko
|
0-0: Called Strike 0-1: Ball 1-1: Called Strike 1-2: Ball 2-2: Ball 3-2: 3-RUN HOME RUN (Flyball, 89XD, EV 108.8 MPH), Distance : 414 ft
|
|
Batting: LHB Evan Oliveri
|
0-0: Fly out, F8 (Flyball, 8LD, EV 90.6 MPH)
|
|
Batting: LHB Adam Tarbutton
|
0-0: Foul Ball, location: 2F 0-1: Ball 1-1: SINGLE (Flyball, 4MD, EV 86.9 MPH)
|
|
Batting: LHB Matt Hyde
|
0-0: Called Strike 0-1: Ball 1-1: Called Strike 1-2: Fielders Choice at 2nd, 6-4 (Groundball, 56, EV 106.9 MPH)
|
| Top of the 9th over - 3 runs, 3 hits, 0 errors, 1 left on base; Windy City 6 - Hamilton 7 |
|